 Dungeon Crawl Stone Soup version 0.26.0-10-g1f06aea511 (webtiles) character file.

Game seed: 6818114556878084664

147 funkygono the Conjurer (level 5, -5/38 HPs)
             Began as a Draconian Conjurer on Jan 17, 2021.
             Slain by an orc
             ... wielding a +0 trident
              (8 damage)
             ... on level 3 of the Dungeon.
             The game lasted 00:05:38 (3128 turns).

funkygono the Conjurer (Draconian Conjurer)         Turns: 3128, Time: 00:05:39

Health: -5/38      AC:  6    Str:  6 (9)  XL:     5   Next: 8%
Magic:  9/9        EV: 12    Int: 18 (20) God:
Gold:   63         SH:  0    Dex:  8 (9)  Spells: 3/9 levels left

rFire    . . .     SeeInvis .   c - +0 whip
rCold    . . .     Faith    .   (no shield)
rNeg     . . .     Spirit   .   (armour unavailable)
rPois    .         Reflect  .   (helmet restricted)
rElec    .         Harm     .   (no cloak)
rCorr    .         Rampage  .   d - +0 pair of gloves
Will     .....                  (no boots)
Stlth    ++........             (no amulet)
HPRegen  0.12/turn              (no ring)
MPRegen  0.11/turn              (no ring)

@: about to teleport
A: unfitting armour, cold-blooded, AC +5
a: no special abilities


You were on level 3 of the Dungeon.
You visited 1 branch of the dungeon, and saw 3 of its levels.

You collected 63 gold pieces.

Inventory:

Hand Weapons
 c - a +0 whip (weapon)
Armour
 d - a +0 pair of gloves (worn)
Jewellery
 k - a +4 ring of protection {unknown}
Scrolls
 g - a scroll of remove curse
 i - a scroll of fear
 m - a scroll of identify {unknown}
Potions
 a - a potion of degeneration
 b - a potion of invisibility {unknown}
 e - a potion of haste {unknown}
 h - a potion of curing {unknown}
 j - a potion of magic
 l - a potion of brilliance {unknown}


   Skills:
 + Level 2.0 Dodging
 + Level 2.2 Stealth
 * Level 2.9 Spellcasting
 * Level 5.3 Conjurations
 * Level 1.1 Hexes


You had 3 spell levels left.
You knew the following spells:

 Your Spells              Type           Power        Failure   Level
a - Magic Dart            Conj           84%          1%          1
b - Searing Ray           Conj           42%          2%          2
c - Dazzling Flash        Conj/Hex       28%          13%         3

Your spell library contained the following spells:

 Spells                   Type           Power        Failure   Level
 Corona                   Hex            6%           11%         1
 Animate Skeleton         Necr           4%           17%         1
 Apportation              Tloc           4%           17%         1
 Summon Small Mammal      Summ           8%           17%         1
 Fulminant Prism          Conj/Hex       7%           41%         4
 Iskenderun's Mystic Bla  Conj/Tloc      12%          47%         4


Dungeon Overview and Level Annotations

Branches:
Dungeon (3/15)

Altars:
Dithmenos
Fedhas
Nemelex Xobeh
Zin


Innate Abilities, Weirdness & Mutations

Your plain brown scales are hard. (AC +5)
You cannot fit into any form of body armour.
You are cold-blooded and may be slowed by cold attacks.


Message History

The searing ray misses the ogre. (Press . to maintain the ray.)
The orc hits you.
Your magical contamination has completely faded away.
The searing ray hits the ogre!
The ogre is heavily wounded.
The ogre hits you with a +0 giant club! The orc hits you.
* * * LOW HITPOINT WARNING * * *
As you read the scroll of teleportation, it crumbles to dust.
You feel strangely unstable. The orc barely misses you.
The ogre closely misses you.
It was a potion of degeneration.
There was something very wrong with that liquid.
You feel weakened.
You feel dopey.
You feel clumsy. The orc hits you but does no damage.
The ogre hits you with a +0 giant club!
* * * LOW HITPOINT WARNING * * *
It was a potion of magic.
Magic courses through your body. The orc hits you.
* * * LOW HITPOINT WARNING * * *
The orc hits you from afar with a +0 trident!
You die...

#### ...###########
...'.....).).#
...#########.##
...#..........#
...#..........# #..
...#..........#########.....
.(............oo@O†...'.....
.............#.########.....
.............#..# ....#
.............##'##### .oo)#
############....r...# ..o.#
#### #.....o..# ..o.# ...#
#........# .r..# ...#
#.......o# ... ...#
#........####'#


You could see an ogre and 2 orcs.

Vanquished Creatures
  2 orc priests (D:3)
  2 adders (D:3)
  2 worms (D:2)
  A dart slug (D:1)
  3 leopard geckos
  3 orcs (D:3)
  A ball python (D:2)
  5 bats
  A giant cockroach (D:1)
  5 goblins
  6 hobgoblins
  3 quokkas
  5 frilled lizards
  A jackal skeleton (D:2)
  8 kobolds
  10 rats
58 creatures vanquished.

Notes
Turn   | Place    | Note
-------+----------+-------------------------------------------
     0 | D:1      | funkygono the Draconian Conjurer began the quest for the
                  | Orb.
     0 | D:1      | Reached XP level 1. HP: 14/14 MP: 3/3
   162 | D:1      | Found a sparkling altar of Nemelex Xobeh.
   321 | D:1      | Reached XP level 2. HP: 20/20 MP: 3/5
   342 | D:1      | Learned a level 2 spell: Searing Ray
  1381 | D:2      | Found a glowing silver altar of Zin.
  1384 | D:2      | Found a shadowy altar of Dithmenos.
  1520 | D:2      | Reached XP level 3. HP: 20/26 MP: 0/6
  1595 | D:2      | Found a blossoming altar of Fedhas.
  1865 | D:2      | Learned a level 3 spell: Dazzling Flash
  2733 | D:3      | Reached XP level 4. HP: 33/33 MP: 4/7
  2868 | D:3      | Reached skill level 5 in Conjurations
  3111 | D:3      | Noticed an ogre
  3117 | D:3      | Reached skill level 1 in Hexes
  3117 | D:3      | Reached XP level 5. HP: 38/38 MP: 4/9
  3128 | D:3      | Slain by an orc

Illustrated notes

Levels and vault maps discovered:
D:1:      dpeg_arrival_tiny_k, layout_basic, nemelex_xobeh_ov_fountains_minmay
D:2:      layout_basic, chequers_temple_overflow_statue_of_worship,
          fedhas_altar_fruit_tree
D:3:      layout_basic

Skill      XL: |  1  2  3  4 |
---------------+-------------+-----
Dodging        | 2 |  2.0
Stealth        | 2 |  2.2
Conjurations   | 5 |  5.3
Hexes          | 1 |  1.1
Spellcasting   | |  2.9

Action                   |  1- 3 |  4- 6 || total
-------------------------+-------+-------++-------
Melee: Whip              |    25 |     8 ||    33
       Tailslap          |     1 |       ||     1
 Cast: Magic Dart        |    82 |    15 ||    97
       Searing Ray       |     2 |     4 ||     6
  Use: Scroll            |     6 |     1 ||     7
       Potion            |       |     2 ||     2
Armor: Skin              |    13 |     8 ||    21
Dodge: Dodged            |    16 |    11 ||    27
